Map: Eternal Empire LE

Players

Beastyqt

  • Race: Terran Terran
  • League: Master
  • Spawn Location: 1:00

A.I. 1 (Very Easy) - Winner!

  • Race: Protoss Protoss
  • Spawn Location: 7:00

VOD

https://www.youtube.com/watch?v=gYrY76NYx4M

Description

Time

  • Played on: Dec. 26, 2019, 10:54 a.m.
  • Length: 11:46
Show
View Real Time Build Order
Export as new Build Order

Beastyqt Terran 

Build Orders: Reaper Expand, Reaper monobattle 

Get SALT Encoding   

  12  0:00  SCV  
  13  0:13  SCV  
  14  0:17  Supply Depot  
  14  0:25  SCV  
  15  0:39  SCV  
  15  0:40  Barracks  
  16  0:46  Refinery  
  16  0:51  SCV  
  17  1:03  SCV  
  18  1:15  SCV  
  19  1:28  Reaper  
  19  1:29  Orbital Command  
  20  1:44  Command Center  
  20  1:56  SCV  
  20  1:57  Supply Depot  
  20  2:00  Marine  
  22  2:08  SCV  
  23  2:11  Factory  
  23  2:20  SCV  
  23  2:22  Barracks Reactor  
  24  2:25  Bunker  
  24  2:28  Refinery  
  24  2:32  SCV  
  25  2:44  SCV  
  26  2:56  SCV  
  26  2:57  Starport  
  27  2:59  Orbital Command  
  27  3:01  Marine x2  
  27  3:05  Widow Mine  
  31  3:08  SCV  
  32  3:19  Marine x2  
  34  3:20  SCV  
  34  3:24  Supply Depot  
  34  3:26  SCV  
  36  3:29  Widow Mine  
  36  3:32  SCV  
  36  3:34  Medivac  
  41  3:37  Marine  
  41  3:38  Marine  
  41  3:39  SCV  
  44  3:44  SCV  
  44  3:47  Supply Depot  
  45  3:51  Widow Mine, SCV  
  48  3:57  SCV  
  48  3:58  Marine x2  
  51  4:03  SCV  
  51  4:09  Starport Tech Lab, SCV  
  53  4:11  Barracks  
  53  4:15  SCV, Barracks  
  54  4:17  Supply Depot  
  54  4:18  Marine x2  
  54  4:19  Factory Tech Lab  
  54  4:22  SCV  
  57  4:25  Refinery  
  57  4:27  SCV  
  58  4:32  Supply Depot  
  58  4:34  Raven  
  58  4:37  Marine x2  
  62  4:39  SCV  
  62  4:41  Siege Tank  
  62  4:43  SCV  
  67  4:47  Supply Depot  
  67  4:51  SCV  
  68  4:55  Marine x2, Engineering Bay  
  68  4:56  SCV  
  71  5:03  SCV  
  72  5:07  Marine  
  72  5:08  SCV  
  74  5:15  Siege Tank, SCV  
  74  5:17  Supply Depot  
  74  5:20  SCV  
  79  5:22  Marine x3  
  79  5:23  Stimpack  
  79  5:24  Starport Reactor  
  79  5:25  Barracks Tech Lab  
  79  5:27  SCV  
  79  5:28  Supply Depot  
  83  5:32  Terran Infantry Weapons Level 1  
  83  5:34  SCV  
  84  5:36  Refinery  
  84  5:42  Supply Depot  
  84  5:44  Marine  
  84  5:45  Marine, Combat Shield  
  84  5:46  Marine  
  87  5:58  Command Center  
  87  6:02  Marauder  
  87  6:03  Marine x2  
  93  6:04  Marauder  
  93  6:05  Medivac  
  93  6:08  Supply Depot  
  93  6:10  Medivac  
  97  6:12  Supply Depot  
  97  6:16  Barracks  
  97  6:19  Factory Reactor  
  97  6:21  Marine, Barracks  
  97  6:24  Marine x2  
  97  6:25  Marine  
  101  6:27  SCV  
  101  6:28  SCV  
  103  6:44  Marauder x2  
  103  6:45  Supply Depot  
  107  6:49  SCV x2  
  107  6:53  Marine x2  
  107  6:54  Medivac x2  
  115  7:01  SCV x2, Armory  
  115  7:03  Engineering Bay  
  117  7:12  Orbital Command, Factory Reactor  
  117  7:13  SCV  
  118  7:17  SCV  
  118  7:18  Marauder x2, Marine x2  
  125  7:27  Terran Infantry Armor Level 1  
  125  7:29  Supply Depot  
  119  7:30  Orbital Command  
  119  7:32  Medivac x2, Marauder, Marine  
  119  7:35  Marine  
  127  7:39  Marauder, Concussive Shells  
  127  7:41  SCV  
  128  7:50  Marauder, Marine  
  120  7:53  Marauder  
  120  7:54  SCV  
  120  7:57  Missile Turret  
  123  7:59  Missile Turret  
  123  8:00  SCV  
  123  8:01  SCV  
  123  8:03  Missile Turret  
  123  8:04  Missile Turret  
  127  8:06  SCV  
  127  8:08  Marine x2  
  127  8:09  Terran Infantry Weapons Level 2  
  120  8:13  SCV  
  120  8:14  Terran Ship Weapons Level 1  
  120  8:15  SCV  
  120  8:17  Refinery x2  
  120  8:18  SCV, Supply Depot  
  121  8:25  Marine, SCV, Marauder x2  
  125  8:29  Medivac x2, Marauder  
  131  8:35  SCV x2  
  131  8:36  Supply Depot  
  133  8:42  Marine  
  133  8:43  Marine x3  
  133  8:44  Starport  
  133  8:45  Supply Depot  
  133  8:47  Liberator  
  137  8:55  Marine x2, Marauder  
  141  8:56  SCV x2  
  141  8:57  Fusion Core  
  141  9:00  Command Center  
  143  9:06  Liberator, SCV  
  143  9:08  Supply Depot  
  143  9:09  Marine x2  
  149  9:10  Marine  
  149  9:13  Marauder x2  
  149  9:14  Supply Depot  
  154  9:18  Marine  
  154  9:19  Marauder  
  160  9:25  Starport Reactor  
  160  9:26  Widow Mine x2  
  160  9:27  Marine x2  
  166  9:33  Marine  
  166  9:34  Marauder  
  166  9:35  Marauder  
  171  9:43  Marine, Marauder  
  174  9:46  Advanced Ballistics, Liberator, Ghost Academy  
  174  9:47  Marine  
  175  9:53  Supply Depot  
  175  9:54  Missile Turret x3  
  175  9:56  Marine, Marauder  
  175  9:57  Marauder  
  180  10:01  Supply Depot  
  180  10:04  Marine x2  
  180  10:05  Marauder  
  180  10:06  Liberator  
  187  10:09  Supply Depot  
  187  10:17  Marine x3  
  190  10:23  Marine x3  
  196  10:33  Marine  
  196  10:34  Marine  
  198  10:37  Missile Turret  
  198  10:39  Marine x2  
  198  10:40  Unknown  
  200  10:46  Planetary Fortress  
  200  10:53  Barracks  
  200  10:54  Barracks  
  200  10:55  Barracks  
  200  10:58  Missile Turret  
  200  11:14  Command Center  
  200  11:17  Missile Turret  
  197  11:41  Barracks Tech Lab x2  
  197  11:42  Starport  
  197  11:44  Barracks Tech Lab  
Show
View Real Time Build Order
Export as new Build Order

A.I. 1 (Very Easy) Protoss - Winner!

Build Orders:  

Get SALT Encoding   

  12  0:00  Probe  
  13  0:13  Probe  
  14  0:19  Pylon  
  14  0:37  Assimilator  
  14  0:42  Gateway  
  14  0:46  Pylon  
  14  1:14  Assimilator  
  14  1:17  Probe  
  14  1:25  Probe  
  16  1:33  Probe, Cybernetics Core  
  17  1:43  Probe  
  18  1:55  Probe  
  18  1:59  Warp Gate  
  19  2:03  Probe  
  20  2:10  Stalker  
  22  4:59  Probe  
  22  5:07  Probe  
  14  5:15  Probe  
  14  5:20  Zealot  
  17  5:22  Pylon  
  17  5:23  Probe  
  17  5:25  Robotics Facility  
  18  5:33  Probe  
  19  5:46  Probe  
  18  5:58  Probe  
  19  6:10  Probe, Observer  
  19  6:11  Zealot  
  23  6:22  Probe  
  24  6:26  Observer  
  25  6:34  Probe  
  26  6:46  Probe  
  27  6:58  Probe  
  28  7:01  Stalker  
  30  7:10  Probe  
  31  7:17  Observer  
  31  7:22  Probe  
  19  7:34  Probe  
  20  7:47  Probe  
  21  7:52  Zealot  
  23  7:59  Probe  
  24  8:11  Probe  
  25  8:20  Probe, Nexus  
  26  8:29  Probe  
  27  8:37  Probe  
  28  8:49  Probe  
  28  8:51  Stalker  
  28  8:55  Pylon  
  31  9:00  Observer  
  31  9:01  Probe  
  32  9:04  Nexus  
  32  9:13  Probe  
  33  9:17  Pylon  
  33  9:20  Zealot  
  34  9:25  Probe  
  34  9:27  Pylon  
  20  9:37  Nexus  
  20  9:38  Probe  
  21  9:49  Immortal  
  21  9:50  Probe, Nexus  
  26  10:02  Probe  
  28  10:14  Probe  
  28  10:17  Stalker  
  30  10:26  Probe  
  31  10:30  Warp Prism  
  31  10:34  Gateway  
  31  10:37  Stargate  
  31  10:38  Probe  
  34  10:45  Zealot  
  36  10:59  Robotics Bay  
  36  11:05  Warp Prism  
  38  11:13  Sentry  
  38  11:15  Probe  
  41  11:22  Probe  
  42  11:30  Probe  
  42  11:31  Gateway  
  32  11:40  Zealot  
  32  11:43  Twilight Council  
Tags
 
Add a new tag
Caveats
  • Supply blocks, unpowered buildings, or Contaminate may cause inaccurate times.
  • Supply counts are checked every 10 seconds.